 Dungeon Crawl Stone Soup version 0.28-a0-724-g66f9036eb4 (webtiles) character file.

Game seed: 5957285112971512452

57 meatgazer the Skirmisher (level 3, -9/30 HPs)
             Began as a Demonspawn Abyssal Knight on Oct 26, 2021.
             Was a Follower of Lugonu.
             Mangled by a jiangshi (17 damage)
             ... led by a vampire mage
             ... on level 2 of the Abyss.
             The game lasted 00:00:44 (109 turns).

meatgazer the Skirmisher (Demonspawn Abyssal Knight) Turns: 109, Time: 00:00:45

Health: -9/30      AC:  3    Str: 14    XL:     3   Next: 73%
Magic:  5/5        EV: 11    Int: 11    God:    Lugonu [*.....]
Gold:   111        SH:  0    Dex: 13    Spells: 2/2 levels left

rFire   . . .      SeeInvis .   a - +1 falchion
rCold   . . .      Faith    .   (no shield)
rNeg    . . .      Spirit   .   b - +0 leather armour
rPois   .          Reflect  .   (no helmet)
rElec   .          Harm     .   (no cloak)
rCorr   .          Rampage  .   (no gloves)
Will    .....                   (no boots)
Stlth   +.........              (no amulet)
HPRegen 0.10/turn               (no ring)
MPRegen 0.09/turn               (no ring)

@: no status effects
A: foul stench 1, demonic touch 1
a: Renounce Religion, Depart the Abyss


You were on level 2 of the Abyss.
You worshipped Lugonu.
Lugonu was aware of your devotion.
You visited 0 branches of the dungeon, and saw 0 of its levels.
You visited the Abyss 1 time.

You collected 111 gold pieces.

Inventory:

Hand Weapons
 a - a +1 falchion (weapon)
Armour
 b - a +0 leather armour (worn)
Wands
 c - a wand of iceblast (7)


   Skills:
 + Level 4.0 Fighting
 + Level 2.1 Long Blades
 + Level 2.1 Armour
 + Level 0.9 Dodging
 + Level 2.8 Invocations
 + Level 0.2 Evocations


You had 2 spell levels left.
You didn't know any spells.
Your spell library was empty.

Dungeon Overview and Level Annotations

Branches:
Dungeon (0/15)

Altars:


Innate Abilities, Weirdness & Mutations

You may rarely emit foul miasma when damaged in melee.
Your touch may inflict minor irresistible damage on your foes.


Message History

Your demonic ancestry asserts itself...
Your hands begin to faintly glow with unholy energy.
You have reached level 3!
Your experience leads to an increase in your attributes!
Increase (S)trength, (I)ntelligence, or (D)exterity?
You feel stronger.
Your demonic ancestry asserts itself...
You begin to emit a foul stench of rot and decay.
Unknown command.
The substance of the Abyss twists violently, and a gateway leading out appears!
There is a gateway leading out of the Abyss here.
A jiangshi comes into view.
A jiangshi is nearby!
Aiming: Iceblast
Press: ? - help, Shift-Dir - straight line, f - jiangshi
Aim: a jiangshi (wandering, hasn't noticed you)
The mass of ice explodes!
The iceblast engulfs the jiangshi!
The jiangshi partially resists.
The jiangshi is lightly damaged.
A vampire mage comes into view.
Aiming: Iceblast
Press: ? - help, Shift-Dir - straight line, f/p - jiangshi
Aim: a jiangshi (lightly damaged)
The mass of ice explodes!
The iceblast engulfs the jiangshi!
The jiangshi partially resists.
The jiangshi is moderately damaged.
You hear a shout!
The vampire mage gestures wildly while chanting.
The jiangshi claws you!!
Ouch! That really hurt!
The jiangshi draws strength from your injuries!
The jiangshi claws you.
* * * LOW HITPOINT WARNING * * *
The jiangshi draws strength from your injuries!
Unknown command.
Unknown command.
You hit the jiangshi.
You touch the jiangshi.
The jiangshi is moderately damaged.
The jiangshi claws you!
Ouch! That really hurt!
You die...

#.. #.#.##. ...# # #
..#.....##..########
.............#
#...#...... # #
####.....###.## #..
#...#[#.## ### .
#...###.∩##.#
V.....#..##.#.#
#..V@.....#
#$..#.....#.# ##.
#....#.#. ..
.....#### ## ###...#
..#.. .#.### . .


You could see a jiangshi and a vampire mage.

Vanquished Creatures
  A small abomination (Abyss:2)
1 creature vanquished.

Notes
Turn   | Place    | Note
-------+----------+-------------------------------------------
     0 | Abyss:1  | meatgazer the Demonspawn Abyssal Knight began the quest for
                  | the Orb.
     0 | Abyss:1  | Reached XP level 1. HP: 18/18 MP: 2/2
   100 | Abyss:2  | Noticed a small abomination
   103 | Abyss:2  | Killed a small abomination
   104 | Abyss:2  | Reached skill level 4 in Fighting
   104 | Abyss:2  | Gained mutation: Your touch may inflict minor irresistible
                  | damage on your foes. [demonic ancestry]
   104 | Abyss:2  | Reached XP level 2. HP: 25/25 MP: 4/4
   104 | Abyss:2  | Gained mutation: You may rarely emit foul miasma when
                  | damaged in melee. [demonic ancestry]
   104 | Abyss:2  | Reached XP level 3. HP: 30/30 MP: 5/5
   106 | Abyss:2  | Noticed a jiangshi
   107 | Abyss:2  | Noticed a vampire mage
   109 | Abyss:2  | Mangled by a jiangshi

Illustrated notes

Levels and vault maps discovered:
Abyss:2:  base:
Temple

Skill      XL: |  1 |
---------------+----+-----
Fighting       | 4 |  4.0
Long Blades    | 2 |  2.1
Armour         | 2 |  2.1
Dodging        | |  0.9
Invocations    | |  2.8
Evocations     | |  0.2

Action                   || total
-------------------------++-------
Melee: Falchion          ||     1
       Touch             ||     1
Evoke: Wand              ||     6

Table legend: (Time is in decaauts)
 A = Elapsed time spent in this place.
 B = Non-inter-level travel time spent in this place.
 C = Inter-level travel time spent in this place.
 D = Time resting spent in this place.
 E = Time spent auto-exploring this place.
 F = Levels seen in this place.
 G = Mean time per level.
                   A        B        C        D        E       F      G
               +--------+--------+--------+--------+--------+-----+--------+
         Total |    109 |    109 |      0 |      0 |     89 |   2 |   54.5 |
         Abyss |    109 |    109 |      0 |      0 |     89 |   2 |   54.5 |
               +--------+--------+--------+--------+--------+-----+--------+

Top non-repeatable levels by time:
 Abyss:2: 82 daAuts
 Abyss:1: 27 daAuts
